 Dungeon Crawl Stone Soup version 0.32-a0-418-g34023cf50c (webtiles) character file.

Game seed: 4533599698456958808

2160 Asfel the Poker (level 9, -3/67 (68) HPs)
             Began as a Demonspawn Berserker on Feb 21, 2024.
             Was a Believer of Trog.
             Slain by a wight
             ... wielding a +5 hand axe
              (11 damage)
             ... on level 6 of the Dungeon.
             The game lasted 00:18:14 (4990 turns).

Asfel the Poker (Demonspawn Berserker)              Turns: 4990, Time: 00:18:14

HP:   -3/67 (68)    AC: 15    Str: 19    XL:     9   Next: 10%
MP:   9/9           EV: 12    Int:  9    God:    Trog [**....]
Gold: 217           SH:  0    Dex: 14    Spells: 8/8 levels left

rFire   + . .        f - +2 scythe (heavy)
rCold   + . .        (shield currently unavailable)
rNeg    . . .        l - +1 scale mail of Syndicalism {rElec rF+ rC+}
rPois   .            (no helmet)
rElec   +            (cloak unavailable)
rCorr   .            (no gloves)
SInv    +            j - +2 pair of boots
Will    ++...        (no amulet)
Stlth   +            g - ring of see invisible
HPRegen 1.31/turn    r - +4 ring of protection
MPRegen 0.22/turn

%: no passive effects
@: strong-willed, on berserk cooldown, regenerating, slowed, lightly drained,
very slow
A: magic regeneration, sturdy frame 2, weakness stinger 3
a: Renounce Religion, Berserk, Trog's Hand


You were on level 6 of the Dungeon.
You worshipped Trog.
Trog was pleased with you.
You visited 1 branch of the dungeon, and saw 6 of its levels.

You collected 217 gold pieces.

Inventory:

Hand Weapons
 a - a +0 hand axe
 f - a +2 heavy scythe (weapon)
 o - the +4 long sword of Death {protect, rPois rC+ rN+ MP+9 Str-2}
   (You found it on level 5 of the Dungeon)

   Str-2:     It affects your strength (-2).
   rC+:       It protects you from cold.
   rPois:     It protects you from poison rN+: It protects you from negative
   energy.
   MP+9:      It affects your magic capacity (+9).
Armour
 b - a +0 animal skin
 d - a +0 cloak
 h - a +0 chain mail
 j - a +2 pair of boots (worn)
 l - the +1 scale mail of Syndicalism (worn) {rElec rF+ rC+}
   (You found it on level 4 of the Dungeon)

   rF+:       It protects you from fire.
   rC+:       It protects you from cold.
   rElec:     It insulates you from electricity.
Jewellery
 g - a ring of see invisible (left hand)
 r - a +4 ring of protection (right hand)
Wands
 n - a wand of acid (10)
 q - a wand of mindburst (17)
Scrolls
 e - 4 scrolls of teleportation
 i - 2 scrolls of fear {unknown}
Potions
 c - 2 potions of brilliance
 k - a potion of enlightenment {unknown}
 m - a potion of mutation {unknown}
 p - a potion of curing {unknown}


   Skills:
 + Level 5.1 Fighting
 + Level 5.6(7.3) Axes
 * Level 7.3(8.2) Polearms
 + Level 4.3 Armour
 + Level 3.6 Dodging
 + Level 0.3 Stealth


You had 8 spell levels left.
You didn't know any spells.
Your spell library contained the following spells:

 Spells                   Type           Power      Damage    Failure   Level
 Ensorcelled Hibernation  Hex/Ice        0%         N/A       65%         2
 Inner Flame              Hex/Fire       0%         N/A       87%         3
 Passwall                 Erth           0%         N/A       87%         3
 Swiftness                Air            0%         N/A       87%         3
 Flame Wave               Conj/Fire      0%         2d4       99%         4
 Ignite Poison            Fire/Alch      0%         N/A       99%         4
 Sticky Flame             Fire/Alch      0%         2d4       99%         4
 Ignition                 Fire           0%         3d3       100%        8


Dungeon Overview and Level Annotations

Branches:
Dungeon (6/15)
 Temple: D:4-7

Altars:
Ashenzari
Fedhas
Okawaru

Shops:
D:2 (


Innate Abilities, Weirdness & Mutations

You regenerate magic rapidly.
Your movements are less encumbered by armour. (ER -4)
You have a sharp stinger which inflicts weakening toxins.


Message History

You feel sick.
You are no longer poisoned.
The kobold throws a stone.
The stone closely misses you.
The wight hits you with a +2 great sword.
* * * LOW HITPOINT WARNING * * *
The wight hits you but does no damage.
Unknown command.
You slice the wight!!
You destroy the wight!
Trog accepts your kill. The wight hits you with a +5 hand axe.
* * * LOW HITPOINT WARNING * * *
You feel drained.
You slice the kobold!!
You kill the kobold!
Trog accepts your kill. The wight hits you with a +5 hand axe.
* * * LOW HITPOINT WARNING * * *
You barely miss the wight.
Your tail-slap misses the wight.
The wight is moderately damaged.
You are no longer berserk.
You are exhausted.
You feel yourself slow down. The wight barely misses you.
The wight hits you with a +5 hand axe.
* * * LOW HITPOINT WARNING * * *
Your skin crawls.
You feel strong-willed. The wight hits you but does no damage.
The wight misses you. The wight barely misses you.
The wight hits you but does no damage.
You hit the wight.
The wight is heavily damaged.
The wight hits you but does no damage. x2
The wight hits you with a +5 hand axe.
* * * LOW HITPOINT WARNING * * *
The wight hits you but does no damage.
You hit the wight but do no damage.
The wight is heavily damaged.
The wight hits you but does no damage. x3
The wight hits you with a +5 hand axe!
You die...

... ..# ## .. ..##..#
# .. #.........#
##.###. ##.. .....
.#..#...##..# ....
........#..##..#
#.........#...##
.##....##.##z@...###.
...........))z.......
$.......<...))......#
.......)..........#..
.........##.......# .
#........##.........
........z............
........>..##........
....z.......##.......


You could see 2 wights.

Vanquished Creatures
  Sigmund (D:4)
  Edmund (D:4)
  Menkaure (D:5)
  A water moccasin (D:5)
  Duvessa (D:5)
  A black bear (D:5)
  2 ogres (D:5)
  A kobold brigand (D:6)
  2 bullfrogs
  Blork the orc (D:4)
  3 wights (D:6)
  Dowan (D:5)
  6 killer bees (D:5)
  A howler monkey (D:5)
  2 bombardier beetles
  2 jellies (D:5)
  An orc priest (D:3)
  Ijyb (D:5)
  3 iguanas (D:5)
  An orc wizard (D:3)
  7 adders
  3 dart slugs
  2 ribbon worms (D:4)
  12 orcs
  5 bats
  5 endoplasms
  4 giant cockroaches
  8 goblins
  4 hobgoblins
  8 jackals
  4 quokkas
  3 ball pythons
  A frilled lizard (D:1)
  7 kobolds
  7 rats
113 creatures vanquished.

Notes
Turn   | Place    | Note
-------+----------+-------------------------------------------
     0 | D:1      | Asfel the Demonspawn Berserker began the quest for the Orb.
     0 | D:1      | Reached XP level 1. HP: 18/18 MP: 1/1
   153 | D:1      | Gained mutation: You have a small tail. [demonic ancestry]
   153 | D:1      | Reached XP level 2. HP: 19/24 MP: 2/2
   859 | D:2      | Reached XP level 3. HP: 24/29 MP: 3/3
  1303 | D:2      | Found Icsil's Weapon Boutique.
  1343 | D:2      | Found a faded altar of an unknown god.
  1360 | D:2      | Gained mutation: You have a tail ending in a sharp stinger.
                  | [demonic ancestry]
  1360 | D:2      | Reached XP level 4. HP: 30/36 MP: 4/4
  1440 | D:2      | Reached ** piety under Trog
  1773 | D:2      | You fall into a shaft and drop 1 floor!
  2019 | D:3      | Found an iron altar of Okawaru.
  2044 | D:3      | Found a blossoming altar of Fedhas.
  2084 | D:3      | Gained mutation: Your movements are slightly less
                  | encumbered by armour. (ER -2) [demonic ancestry]
  2084 | D:3      | Reached XP level 5. HP: 42/42 MP: 5/5
  2102 | D:3      | Found a broken altar of Ashenzari.
  2182 | D:3      | Identified the beast talisman of Complete Protection {rF+
                  | Will++ Int+2}
  2604 | D:4      | Noticed Sigmund
  2606 | D:4      | Noticed Blork the orc
  2620 | D:4      | Killed Blork the orc
  2621 | D:4      | Reached XP level 6. HP: 14/48 MP: 6/6
  2629 | D:4      | Killed Sigmund
  2630 | D:4      | Reached skill level 5 in Axes
  2701 | D:4      | Noticed Edmund
  2704 | D:4      | Killed Edmund
  2705 | D:4      | Reached skill level 1 in Polearms
  2705 | D:4      | Gained mutation: You have a sharp stinger which inflicts
                  | weakening toxins. [demonic ancestry]
  2705 | D:4      | Reached XP level 7. HP: 17/55 MP: 7/7
  3337 | D:4      | Identified the +1 scale mail of Syndicalism {rElec rF+ rC+}
  3672 | D:5      | Entered Level 5 of the Dungeon
  3748 | D:5      | Noticed Ijyb
  3749 | D:5      | Noticed Menkaure
  3754 | D:5      | Killed Menkaure
  3755 | D:5      | Reached skill level 2 in Polearms
  3757 | D:5      | Killed Ijyb
  3761 | D:5      | Reached skill level 3 in Polearms
  3834 | D:5      | Reached skill level 4 in Polearms
  3834 | D:5      | Gained mutation: Your movements are less encumbered by
                  | armour. (ER -4) [demonic ancestry]
  3834 | D:5      | Reached XP level 8. HP: 58/61 MP: 8/8
  3835 | D:5      | Identified the +4 long sword of Death {protect, rPois rC+
                  | rN+ MP+9 Str-2}
  4367 | D:5      | Reached skill level 5 in Polearms
  4402 | D:5      | Noticed Duvessa
  4402 | D:5      | Noticed Dowan
  4408 | D:5      | Killed Dowan
  4414 | D:5      | Killed Duvessa
  4417 | D:5      | Reached skill level 6 in Polearms
  4969 | D:6      | Reached skill level 7 in Polearms
  4974 | D:6      | Gained mutation: You regenerate magic rapidly. [demonic
                  | ancestry]
  4974 | D:6      | Reached XP level 9. HP: 35/66 MP: 9/9
  4976 | D:6      | Reached skill level 5 in Fighting
  4990 | D:6      | Slain by a wight

Illustrated notes

Levels and vault maps discovered:
D:1:      onia_arrival_pyramid, layout_loops_ring, amcnicky_mini_pool_small
D:2:      layout_basic, serial_shops, shop_statue,
          chequers_ecumenical_altar_simple_redux
D:3:      layout_loops_cross, nicolae_overflow_quartered_altars,
          amcnicky_mini_rare_corridor_liquid, grunt_ministairs_13
D:4:      layout_basic, elyvilon_altar_3, chequers_avenue, uniq_blork_the_orc,
          uniq_sigmund, uniq_edmund
D:5:      layout_loops_corners, uniq_menkaure, uniq_ijyb, uniq_duvessa
D:6:      layout_cave_pools, cheibrodos_worm_habitat,
          minmay_temple_entry_statues

Skill      XL: |  1  2  3  4  5  6  7  8  9 |
---------------+----------------------------+-----
Axes           | 3 4 5 |  5.6
Dodging        | 2 3 |  3.6
Armour         | 2 3 4 |  4.3
Fighting       | 4 5 |  5.1
Polearms       | 1 4 7 |  7.3
Stealth        | |  0.3

Action                     |  1- 3 |  4- 6 |  7- 9 || total
---------------------------+-------+-------+-------++-------
  Melee: Hand axe          |    88 |   102 |       ||   190
         Tailslap          |     2 |     9 |    18 ||    29
         Halberd           |       |     7 |   128 ||   135
 Invoke: Berserk           |     2 |     2 |     4 ||     8
         Trog's Hand       |       |     2 |     7 ||     9
    Use: Scroll            |       |     7 |       ||     7
         Potion            |       |     2 |     1 ||     3
 Armour: Animal skin       |    74 |       |       ||    74
         Chain mail        |     1 |    82 |    34 ||   117
         Scale mail        |       |       |   127 ||   127
  Dodge: Dodged            |    90 |    51 |   161 ||   302

Table legend: (Time is in decaauts)
 A = Elapsed time spent in this place.
 B = Non-inter-level travel time spent in this place.
 C = Inter-level travel time spent in this place.
 D = Time resting spent in this place.
 E = Time spent auto-exploring this place.
 F = Levels seen in this place.
 G = Mean time per level.
                   A        B        C        D        E       F      G
               +--------+--------+--------+--------+--------+-----+--------+
         Total |   5168 |   4611 |    557 |      0 |   3666 |   6 |  861.3 |
       Dungeon |   5168 |   4611 |    557 |      0 |   3666 |   6 |  861.3 |
               +--------+--------+--------+--------+--------+-----+--------+

Top non-repeatable levels by time:
     D:5: 1363 daAuts
     D:4: 1136 daAuts
     D:2: 952 daAuts
     D:1: 855 daAuts
     D:3: 823 daAuts
     D:6: 36 daAuts
